 Seeded DCSS version 0.30-a0-715-gdb4ae3ece1 (webtiles) character file.

Game seed: 5430720872467839093 (custom seed)

252221 OTABOTABOTAB the Stormcaller (level 19, -35/179 HPs)
             Began as an Octopode Summoner on Jan 24, 2023.
             Was an Initiate of Gozag.
             Shot with an arrow by a deep elf master archer (41 damage)
             ... on level 1 of the Depths on Jan 25, 2023.
             The game lasted 02:27:22 (50332 turns).

OTABOTABOTAB the Stormcaller (Octopode Summoner)   Turns: 50332, Time: 02:27:23

Health: -35/179    AC: 34    Str: 10    XL:     19   Next: 68%
Magic:  32/33      EV: 19    Int: 38    God:    Gozag
Gold:   8019       SH:  2    Dex: 13    Spells: 3/38 levels left

rFire   + . .      SeeInvis .      - Unarmed
rCold   + . .      Faith    .    (no shield)
rNeg    + . .      Spirit   .    x - +2 hat of Hiraugub {Int+4}
rPois   ∞          Reflect  .    z - amulet of magic regeneration
rElec   +          Harm     .    A - ring of the Mage {Wiz Archmagi}
rCorr   .          Rampage  .    D - ring of the Octopus King {rC+ HP+2 AC+2 EV+2 SH+2}
Will    ++...      Archmagi +    b - ring of poison resistance {rPois, !d}
Stlth   +++                      Q - +4 ring of slaying
HPRegen 0.49/turn                F - ring of protection from fire {rF+, !d}
MPRegen 0.63/turn                h - +6 ring of intelligence
                                 W - ring of willpower
                                 K - +6 ring of intelligence

@: statue-form (expiring), very slow
A: slow and powerful, torment resistance 1, boosted hp, almost no armour,
amphibious, 8 rings, camouflage 1, (gelatinous body 1), (nimble swimmer 1),
tentacles
}: 2/15 runes: decaying, serpentine
a: End Transformation, Renounce Religion, Potion Petition, Call Merchant, Bribe
Branch


You were on level 1 of the Depths.
You worshipped Gozag.
Gozag was greatly pleased with you.
You were a living statue of rough stone.
You visited 7 branches of the dungeon, and saw 32 of its levels.

You collected 14972 gold pieces.
You spent 3025 gold pieces at shops.
You paid 3928 gold pieces to Gozag.

Inventory:

Hand Weapons
 a - the +8 arc blade {discharge, rElec}
   (You acquired it on level 2 of the Dungeon)

   rElec:     It insulates you from electricity.
Armour
 x - the +2 hat of Hiraugub (worn) {Int+4}
   (You acquired it on level 2 of the Dungeon)

   Int:       It affects your intelligence (+4).
Jewellery
 b - a ring of poison resistance (on tentacle) {rPois, !d}
   (You found it on level 12 of the Dungeon)
 c - a ring of ice {rC+, rF-}
   (You found it on level 2 of the Swamp)
 g - an amulet of reflection
   (You took it off a salamander on level 4 of the Snake Pit)
 h - a +6 ring of intelligence (on tentacle)
   (You found it on level 8 of the Dungeon)
 n - an amulet of the acrobat
   (You found it on level 11 of the Dungeon)
 u - a ring of positive energy {rN+}
   (You found it on level 4 of the Dungeon)
 z - an amulet of magic regeneration (around mantle)
   (You found it on level 2 of the Lair of Beasts)
 A - the ring of the Mage (left tentacle) {Wiz Archmagi}
   (You bought it in a shop on level 1 of the Depths)

   [ring of wizardry]

   It improves your spell success rate.
   Archmagi:  It increases the power of your magical spells.
 D - a ring of the Octopus King (right tentacle) {rC+ HP+2 AC+2 EV+2 SH+2}
   (You bought it in a shop on level 1 of the Depths)

   [ring of protection from cold]

   AC:        It affects your AC (+2).
   EV:        It affects your evasion (+2).
   rC:        It protects you from cold.
   HP:        It affects your health (+2).
   SH:        It affects your SH (+2).
 F - a ring of protection from fire (on tentacle) {rF+, !d}
   (You took it off an orc wizard on level 6 of the Dungeon)
 I - a ring of willpower
   (You took it off a spriggan rider on level 1 of the Swamp)
 K - a +6 ring of intelligence (on tentacle)
   (You found it on level 9 of the Dungeon)
 Q - a +4 ring of slaying (on tentacle)
   (You found it on level 6 of the Dungeon)
 V - a ring of see invisible {sInv, !d}
   (You found it on level 2 of the Snake Pit)
 W - a ring of willpower (on tentacle)
   (You found it on level 9 of the Dungeon)
 Z - a ring of wizardry {Wiz+, !d}
   (You found it on level 11 of the Dungeon)
Wands
 d - a wand of digging (7)
   (You found it on level 9 of the Dungeon)
 j - a wand of polymorph (16)
   (You found it on level 7 of the Dungeon)
 l - a wand of roots (20)
   (You found it on level 4 of the Dungeon)
 p - a wand of paralysis (37)
   (You found it on level 8 of the Dungeon)
 q - a wand of flame (36)
   (You found it on level 6 of the Dungeon)
 t - a wand of quicksilver (5)
   (You found it on level 4 of the Snake Pit)
 y - a wand of mindburst (52)
   (You found it on level 3 of the Dungeon)
Scrolls
 e - 7 scrolls of amnesia
 f - 3 scrolls of enchant weapon
 i - 2 scrolls of brand weapon
 k - 13 scrolls of identify {@r1}
 o - 4 scrolls of poison {!r}
 s - 2 scrolls of fog
 E - 2 scrolls of fear
 O - a scroll of silence
 S - 6 scrolls of enchant armour
 X - 5 scrolls of magic mapping {@r4!r}
 Y - 12 scrolls of teleportation {@r3}
Potions
 m - 2 potions of cancellation {unknown}
 r - 8 potions of attraction {!q}
 B - 6 potions of brilliance
 G - 11 potions of ambrosia {!q}
 H - 4 potions of haste
 J - 15 potions of curing {@q1}
 L - 5 potions of flight
 M - 3 potions of might
 N - 6 potions of heal wounds {@q2}
 P - 7 potions of lignification {!q}
 R - 2 potions of resistance
 T - 4 potions of berserk rage {!q}
 U - 4 potions of mutation {!q}
Miscellaneous
 v - a lightning rod (4/4)
   (You found it on level 4 of the Swamp)
 w - a phial of floods
   (You found it on level 3 of the Swamp)


   Skills:
 - Level 14.0 Fighting
 - Level 11.4 Dodging
 - Level 2.6 Stealth
 + Level 12.9 Unarmed Combat
 - Level 10.0 Spellcasting
 - Level 5.0 Hexes
 - Level 10.0 Summonings
 + Level 12.8 Translocations
 - Level 16.0 Transmutations
 - Level 16.0 Air Magic


You had 3 spell levels left.
You knew the following spells:

 Your Spells              Type           Power      Damage    Failure   Level
a - Summon Small Mammal   Summ           100%       N/A       1%          1
b - Call Canine Familiar  Summ           97%        N/A       1%          3
c - Call Imp              Summ           97%        N/A       1%          2
d - Summon Guardian Gole  Hex/Summ       85%        N/A       1%          3
e - Summon Lightning Spi  Summ/Air       100%       N/A       1%          4
f - Storm Form            Tmut/Air       59%        N/A       1%          7
g - Summon Mana Viper     Hex/Summ       85%        N/A       1%          5
h - Manifold Assault      Tloc           100%       N/A       1%          4
i - Statue Form           Tmut/Erth      58%        N/A       4%          6

Your spell library contained the following spells:

 Spells                   Type           Power      Damage    Failure   Level
 Blink                    Tloc           100%       N/A       0%          2
 Vhi's Electric Charge    Tloc/Air       100%       N/A       0%          3
 Kiss of Death            Conj/Necr      100%       2d13      1%          1
 Sandblast                Erth           56%        2d13      1%          1
 Slow                     Hex            100%       N/A       1%          1
 Sting                    Tmut/Pois      100%       1d8       1%          1
 Cigotuvi's Dreadful Rot  Necr/Pois/Air  100%       N/A       1%          2
 Passwall                 Tmut/Erth      73%        N/A       1%          2
 Poisonous Vapours        Pois/Air       100%       N/A       1%          2
 Static Discharge         Conj/Air       100%       2-7/arc   1%          2
 Confusing Touch          Hex            71%        N/A       1%          3
 Dazzling Flash           Conj/Hex       100%       N/A       1%          3
 Gell's Gravitas          Tloc           100%       N/A       1%          3
 Inner Flame              Hex/Fire       54%        N/A       1%          3
 Teleport Other           Tloc           100%       N/A       1%          3
 Tukima's Dance           Hex            71%        N/A       1%          3
 Ozocubu's Armour         Ice            28%        N/A       2%          3
 Vampiric Draining        Necr           28%        2d8       2%          3
 Iskenderun's Mystic Bla  Conj/Tloc      80%        2d16      1%          4
 Passage of Golubria      Tloc           100%       N/A       1%          4
 Petrify                  Tmut/Erth      88%        N/A       1%          4
 Summon Ice Beast         Ice/Summ       71%        N/A       1%          4
 Arcjolt                  Conj/Air       44%        1d54      1%          5
 Blade Hands              Tmut           59%        N/A       1%          5
 Lightning Bolt           Conj/Air       44%        1d63      1%          5
 Yara's Violent Unravell  Hex/Tmut       49%        3d19      1%          5
 Dispersal                Tloc           54%        N/A       1%          6
 Leda's Liquefaction      Hex/Erth       27%        N/A       2%          4
 Conjure Ball Lightning   Conj/Air       44%        3x3d15    4%          6
 Dispel Undead            Necr           28%        3d13      9%          4
 Flame Wave               Conj/Fire      28%        2d9       9%          4
 Olgreb's Toxic Radiance  Pois           28%        N/A       9%          4
 Sticky Flame             Conj/Fire      28%        2d5       9%          4
 Monstrous Menagerie      Summ           48%        N/A       12%         7
 Fireball                 Conj/Fire      14%        3d8       22%         5
 Iskenderun's Battlesphe  Conj           28%        2d8       22%         5
 Death Channel            Necr           14%        N/A       73%         6
 Iron Shot                Conj/Erth      14%        9d4       73%         6
 Starburst                Conj/Fire      14%        6d6       73%         6
 Necromutation            Tmut/Necr      44%        N/A       86%         8
 Orb of Destruction       Conj           14%        9d7       99%         7
 Ozocubu's Refrigeration  Ice            14%        4d10      99%         7
 Borgnjor's Revivificati  Necr           14%        N/A       100%        8
 Death's Door             Necr           14%        N/A       100%        9


Dungeon Overview and Level Annotations

Branches:
Dungeon (15/15)            Temple (1/1) D:4            Lair (5/5) D:11
  Swamp (4/4) Lair:2        Snake (4/4) Lair:3        Slime (0/5) Lair:4
    Orc (2/2) D:11            Elf (0/3) Orc:2        Vaults (0/5) D:13
 Depths (1/4) D:15

Altars:
Ashenzari
Cheibriados
Dithmenos
Elyvilon
Fedhas
Gozag
Hepliaklqana
Kikubaaqudgha
Makhleb
Nemelex Xobeh
Okawaru
Qazlal
Ru
Sif Muna
Trog
Uskayaw
Vehumet
Wu Jian
Xom
Yredelemnul
Zin
The Shining One
Jiyva

Shops:
D:2 ?   D:9 *   D:13 (   Orc:1 :   Orc:2 ([[(   Lair:1 :   Lair:3 :   Snake:2 [
Snake:3 !(   Depths:1 =[!(

Portals:
Hell: Depths:1
Abyss: Depths:1

Annotations:
D:4 1 runed translucent door, mampy3000's ghost, amateur HOBe
Orc:1 1 runed translucent door, Rumaargh's ghost, journeyman NaFE


Innate Abilities, Weirdness & Mutations

You are a living statue of rough stone.
Your actions are slow, but your melee attacks are powerful.
You are resistant to unholy torment.
Your maximum health is greatly increased.
You are immune to poison.
You cannot wear most types of armour.
You are amphibious.
You can wear up to eight rings at the same time.
Your skin changes colour to match your surroundings (Stealth+).
((Your rubbery body absorbs attacks. (AC +1, EV +1)))
((You are camouflaged when in or above water. (Stealth+)))
You have tentacles for arms and can constrict up to eight enemies at once.


Message History

You tentacle-slap the hellephant.
You tentacle-slap the hellephant, but do no damage.
The hellephant's magic is no longer disrupted.
Your mana viper barely misses the hellephant.
The hellephant tramples you but does no damage.
The hellephant bites you but does no damage.
The hellephant closely misses you.
Your mana viper bites the hellephant!
The hellephant's magic leaks into the air.
The hellephant falters for a moment.
You thrash the hellephant!!!
You hear a shout!
Your mana viper bites the hellephant.
The hellephant's magic leaks into the air.
The hellephant breathes flames at your mana viper.
The blast of flame hits your mana viper!!!
Your mana viper dies!
Your mana viper disappears in a puff of smoke!
You strike the helpless hellephant from behind!
You batter the hellephant!!
You squeeze the hellephant, but do no damage.
The hellephant tramples you but does no damage.
The hellephant bites you but does no damage.
The hellephant gores you but does no damage.
You batter the hellephant!! You squeeze the hellephant!
You kill the hellephant!
You now have 8019 gold pieces (gained 19).
You regained 2 mp, and now have 13/33 mp.
Your lightning spire disappears in a puff of smoke!
You start resting.
A deep elf master archer is nearby!
You regained 11 hp, and now have 100/179 hp.
You regained 14 mp, and now have 28/33 mp.
You feel a surge of power!
An electric hum fills the air.
The deep elf master archer shoots an arrow.
The arrow hits you!
You take 16 damage, and have 84/179 hp.
You now have 25/33 mp.
The deep elf master archer shoots an arrow.
The arrow hits you!
You take 9 damage, and have 75/179 hp.
The deep elf master archer shoots an arrow.
The arrow hits you but does no damage.
Your lightning spire shoots out a bolt of lightning at the deep elf master archer!
The bolt of electricity hits the deep elf master archer!
The deep elf master archer shoots an arrow.
The arrow hits your lightning spire!!
There is a stone staircase leading down here.
Your lightning spire shoots out a bolt of lightning at the deep elf master archer!
The bolt of electricity hits the deep elf master archer!
The deep elf master archer shoots an arrow.
The arrow hits your lightning spire!!!
Your lightning spire shoots out a bolt of lightning at the deep elf master archer!
The bolt of electricity hits the deep elf master archer!!
The deep elf master archer shoots an arrow.
The arrow hits your lightning spire!!
Your lightning spire is destroyed!
Your lightning spire disappears in a puff of smoke!
You feel a surge of power!
An electric hum fills the air.
The deep elf master archer shoots an arrow.
The arrow hits you!
The deep elf master archer shoots an arrow.
The arrow completely misses you.
You take 7 damage, and have 71/179 hp.
You now have 27/33 mp.
Your transformation is almost over.
The deep elf master archer shoots an arrow.
The arrow barely misses you.
The deep elf master archer shoots an arrow.
The arrow barely misses you. Really attack your lightning spire?
You bludgeon your lightning spire!
Your lightning spire disappears in a puff of smoke!
The deep elf master archer shoots an arrow.
The arrow misses you.
The deep elf master archer shoots an arrow.
The arrow hits you!!
* * * LOW HITPOINT WARNING * * *
You take 28 damage, and have 45/179 hp.
The deep elf master archer shoots an arrow.
The arrow hits you!
* * * LOW HITPOINT WARNING * * *
The deep elf master archer shoots an arrow.
The arrow hits you!!
* * * LOW HITPOINT WARNING * * *
You take 38 damage, and have 7/179 hp.
MASSIVE DAMAGE!!
Okay, then.
Okay, then.
You feel much better.
The deep elf master archer shoots an arrow.
You block the arrow.
The deep elf master archer shoots an arrow.
The arrow hits you!!
* * * LOW HITPOINT WARNING * * *
You take 2 damage, and have 5/179 hp.
As you read the scroll of fear, it crumbles to dust.
You assume a fearsome visage.
The deep elf master archer resists with some effort.
The deep elf master archer shoots an arrow.
The arrow hits you!!!
You die...
Your body crumbles into a pile of gold.

#####..........#####...
#.##.........### #...#
##...........######...#
♣♣♣♣♣♣♣♣♣#$..[.........#.....##
♣♣.....♣..................#####.
♣..§$..........##.##....########
♣...○.....e.....##.#...........#.
♣...○♣♣♣♣♣♣#....#.)(.....###....(
♣...♣ #...>8#.........###.#. ..e.
#.....#...........###. ....e....
#....##.........###.#. ~~~....§.
#.######......###..... ~~...§..
#.# ##...........#. ..♣... ###
##....######## ....♣
#####..........#. ♣♣.Y.♣
#.##...........## ♣.♣..♣
###..............##


You could see a deep elf master archer.

Vanquished Creatures
  the Lernaean hydra (Swamp:4)
  2 bone dragons (Depths:1)
  A hellephant (Depths:1)
  Jorgrun (Swamp:3)
  A deep elf blademaster (Depths:1)
  2 quicksilver dragons (Snake:4)
  Gastronok (Lair:2)
  A thorn hunter (Swamp:2)
  Agnes (Snake:2)
  Roxanne (Swamp:3)
  2 frost giants (Depths:1)
  A fire giant (Depths:1)
  A very ugly thing (Depths:1)
  3 stone giants
  An eleionoma (Swamp:1)
  2 bunyips
  3 ettins (Depths:1)
  A shambling mangrove (Swamp:2)
  A rakshasa (Depths:1)
  6 ghost crabs
  6 hydras
  9 alligators
  A centaur warrior (D:14)
  6 anacondas
  2 salamander tyrants (Snake:4)
  An ice dragon (Depths:1)
  A spriggan air mage (Depths:1)
  3 two-headed ogres
  7 naga warriors
  2 tengu warriors (Depths:1)
  4 naga sharpshooters
  A spriggan berserker (Depths:1)
  5 shock serpents
  4 salamander mystics
  3 goliath frogs
  A glowing orange brain (Depths:1)
  6 swamp dragons
  2 bog bodies
  A spriggan druid (Swamp:3)
  6 naga ritualists
  A necromancer (Depths:1)
  2 deep elf pyromancers (D:15)
  An orc knight (Orc:1)
  3 mana vipers
  A phantasmal warrior (D:15)
  10 ugly things
  3 orc sorcerers
  3 will-o-the-wisps
  22 salamanders
  2 cyclopes
  A guardian serpent (Snake:4)
  23 black mambas
  11 naga magi
  5 apocalypse crabs (Swamp:3)
  A tormentor (Depths:1)
  2 tengu conjurers (Depths:1)
  2 bloated husks (Swamp:2)
  5 tyrant leeches
  7 hornets
  5 slime creatures
  3 water elementals (Depths:1)
  A wraith (D:15)
  4 spriggans (Swamp:1)
  5 yaks
  3 hogs (Snake:3)
  2 vampire mosquitoes (D:13)
  A warg (Orc:1)
  26 nagas
  6 swamp worms
  Duvessa (D:5)
  2 swamp drakes (Swamp:4)
  11 orc warriors
  4 ogres
  4 centaurs
  Dowan (D:5)
  A howler monkey (D:11)
  7 electric eels
  A crimson imp (D:7)
  6 orc priests
  12 orc wizards
  3 gnolls (D:3)
  23 orcs
  A ball python (D:3)
  A goblin (D:1)
  A quokka (D:4)
  A bat (D:2)
  2 kobolds
347 creatures vanquished.

Vanquished Creatures (collateral kills)
  A hellephant (Depths:1)
  A thorn hunter (Swamp:4)
  Kirke (Snake:3)
  A frost giant (Depths:1)
  A fire giant (Depths:1)
  A nagaraja (Snake:1)
  Aizul (Snake:2)
  Louise (Swamp:3)
  A very ugly thing (D:15)
  A stone giant (Depths:1)
  Nessos (D:13)
  Snorg (D:13)
  3 bunyips
  An ettin (D:15)
  A fire dragon (Lair:5)
  A shambling mangrove (Swamp:2)
  4 vault guards (D:13)
  2 ice dragons (Depths:1)
  8 hydras
  3 two-headed ogres
  A catoblepas (Lair:5)
  3 boulder beetles
  A centaur warrior (D:13)
  2 tengu warriors
  3 anacondas
  2 alligators
  A death knight (D:15)
  5 naga warriors
  An orc high priest (Orc:2)
  Urug (Lair:2)
  6 death yaks
  A spriggan berserker (Swamp:3)
  11 naga sharpshooters
  2 salamander mystics
  A death drake (Swamp:2)
  2 spriggan druids
  A naga ritualist (Snake:4)
  7 swamp dragons
  A deep elf pyromancer (D:15)
  A lindwurm (Lair:5)
  A mana viper (Snake:3)
  9 ugly things
  An oklob plant (Lair:4)
  16 salamanders
  An orc knight (Orc:1)
  4 orc sorcerers (Orc:2)
  A shining eye (shapeshifter) (D:15)
  4 cyclopes
  A will-o-the-wisp (Swamp:4)
  5 elephants
  4 manticores
  4 guardian serpents (Snake:4)
  10 naga magi
  A torpor snail (Lair:5)
  14 black mambas
  A gargoyle (D:11)
  4 cane toads
  An unseen horror (D:13)
  Psyche (D:8)
  3 rime drakes (Lair:5)
  A freezing wraith (D:15)
  7 komodo dragons
  2 kobold demonologists (D:14)
  An efreet (D:15)
  2 tengu conjurers
  A queen bee (Lair:2)
  A troll (D:12)
  6 tyrant leeches
  2 polar bears
  10 hornets
  A blink frog (shapeshifter) (D:15)
  8 blink frogs
  A hornet (shapeshifter) (D:14)
  9 dream sheep (Lair:5)
  4 slime creatures
  7 spriggans
  2 wraiths
  2 shadows
  52 yaks
  7 wyverns
  6 humans (D:13)
  A water elemental (D:11)
  2 hogs (Snake:3)
  7 basilisks
  A human (shapeshifter) (D:15)
  3 steam dragons
  A vampire mosquito (D:13)
  4 swamp worms
  2 wargs
  2 acid dragons
  21 nagas
  9 water moccasins
  An ice beast (D:5)
  15 orc warriors
  A swamp drake (Swamp:4)
  A black bear (Lair:1)
  A sky beast (D:7)
  13 centaurs
  18 wolves
  3 ogres (Orc:1)
  3 kobold brigands
  Blork the orc (D:4)
  8 bullfrogs
  4 gnoll sergeants
  2 scorpions
  4 necrophages
  5 wights
  22 killer bees (Lair:2)
  4 howler monkeys
  An electric eel (D:9)
  A lava snake (Snake:4)
  A gnoll bouda (D:6)
  16 orc priests
  3 hounds (D:6)
  A jelly (D:6)
  5 iguanas
  24 orc wizards
  A hell rat (Lair:5)
  31 gnolls
  10 adders
  A shadow imp (D:6)
  6 white imps
  3 worms (D:4)
  A dart slug (D:4)
  63 orcs
  2 bats
  8 endoplasms
  3 giant cockroaches
  7 hobgoblins
  7 jackals
  13 kobolds
  4 quokkas
  7 ball pythons
  2 frilled lizards
  3 goblins
  3 rats
692 creatures vanquished.

Vanquished Creatures (others)
  A doom hound (Depths:1)
  An eleionoma (Swamp:2)
  A dire elephant (Lair:5)
  An ettin (Depths:1)
  4 hydras
  An anaconda (Snake:2)
  2 two-headed ogres
  A spriggan air mage (Swamp:3)
  A tengu warrior (Depths:1)
  A boulder beetle (Lair:5)
  2 death yaks
  2 naga warriors
  A naga sharpshooter (Snake:1)
  An orc high priest (Orc:2)
  2 spriggans
  2 spriggan druids
  3 swamp dragons (Swamp:4)
  A mana viper (Snake:4)
  A deep elf pyromancer (D:13)
  A wizard (D:8)
  3 ugly things
  2 manticores
  Joseph (D:8)
  4 black mambas
  A torpor snail (Lair:5)
  A cane toad (Lair:2)
  2 rime drakes (Lair:5)
  A komodo dragon (D:11)
  A freezing wraith (D:15)
  A tyrant leech (Lair:2)
  3 trolls
  A hornet (Depths:1)
  A wyvern (Lair:5)
  4 humans
  11 yaks
  A vampire mosquito (D:13)
  A swamp worm (Swamp:4)
  An acid dragon (D:6)
  A water moccasin (D:6)
  4 orc warriors
  An ice beast (D:6)
  An ogre (Orc:1)
  A scorpion (D:5)
  2 gnoll sergeants (D:11)
  2 killer bees (Lair:2)
  2 electric eels (D:9)
  2 orc priests
  A hound (D:5)
  3 iguanas
  2 orc wizards
  2 gnolls
  An ufetubus (D:5)
  4 orcs
  A bush (Lair:5)
  11 foxfires
  25 fungi
  58 plants
  8 withered plants (D:15)
202 creatures vanquished.

Grand Total: 1241 creatures vanquished

Notes
Turn   | Place    | Note
-------+----------+-------------------------------------------
     0 | D:1      | OTABOTABOTAB the Octopode Summoner began the quest for the
                  | Orb.
     0 | D:1      | Reached XP level 1. HP: 11/11 MP: 3/3
   277 | D:1      | Reached XP level 2. HP: 12/17 MP: 0/5
   280 | D:1      | Learned a level 2 spell: Call Imp
  1204 | D:1      | Reached XP level 3. HP: 21/21 MP: 1/6
  1447 | D:1      | Learned a level 3 spell: Call Canine Familiar
  1585 | D:2      | Found Doddoiw's Magic Scroll Shoppe.
  1687 | D:2      | Noticed a necrophage
  1699 | D:2      | Killed a necrophage
  1700 | D:2      | Reached skill level 3 in Spellcasting
  1700 | D:2      | Reached skill level 5 in Summonings
  1700 | D:2      | Reached XP level 4. HP: 27/27 MP: 2/8
  1986 | D:2      | Reached XP level 5. HP: 31/31 MP: 1/10
  1990 | D:2      | Learned a level 3 spell: Summon Guardian Golem
  2541 | D:2      | Identified 4 scrolls of acquirement
  2541 | D:2      | Acquired 1165 gold pieces
  2543 | D:2      | Acquired the +2 hat of Hiraugub {Int+4}
  2545 | D:2      | Acquired the +7 sling of Absolution {speed, rC+ Str+2}
  2547 | D:2      | Acquired the +8 arc blade {discharge, rElec}
  2547 | D:2      | Found the +8 arc blade {discharge, rElec}
  2874 | D:3      | Reached skill level 1 in Hexes
  2928 | D:3      | Identified the +3 short sword of the Manifold Quests
                  | {flame, rElec Int+5}
  2973 | D:3      | Reached skill level 1 in Fighting
  2977 | D:3      | Reached XP level 6. HP: 38/38 MP: 7/11
  3167 | D:3      | Found a faded altar of an unknown god.
  3479 | D:3      | Identified the +2 robe of Binutifa {rPois Dex+5}
  3527 | D:3      | Found an iron altar of Okawaru.
  3782 | D:4      | Found a runed translucent door.
  3783 | D:4      | Found a staircase to the Ecumenical Temple.
  3792 | Temple   | Entered the Ecumenical Temple
  4068 | D:4      | Reached skill level 4 in Spellcasting
  4263 | D:4      | Learned a level 4 spell: Summon Lightning Spire
  4775 | D:4      | Noticed mampy3000's ghost (amateur HOBe)
  4865 | D:4      | Reached skill level 2 in Fighting
  4865 | D:4      | Reached skill level 3 in Dodging
  4865 | D:4      | Reached skill level 2 in Hexes
  4865 | D:4      | Reached XP level 7. HP: 45/45 MP: 6/13
  5079 | D:4      | Noticed Blork the orc
  5095 | D:4      | Killed Blork the orc
  5757 | D:5      | Entered Level 5 of the Dungeon
  5758 | D:5      | Noticed a two-headed ogre
  5767 | D:5      | Killed a two-headed ogre
  5768 | D:5      | Reached skill level 4 in Fighting
  5768 | D:5      | Reached skill level 4 in Dodging
  5768 | D:5      | Reached skill level 3 in Hexes
  5768 | D:5      | Reached skill level 6 in Summonings
  5768 | D:5      | Reached skill level 2 in Air Magic
  5768 | D:5      | Reached XP level 8. HP: 16/54 MP: 5/15
  5843 | D:5      | Reached skill level 5 in Spellcasting
  6165 | D:5      | Noticed Dowan
  6165 | D:5      | Noticed Duvessa
  6185 | D:5      | HP: 12/54 [Duvessa/+2 short sword of holy wrath (6)]
  6190 | D:5      | Killed Duvessa
  6238 | D:5      | HP: 12/54 [Dowan/stone arrow (16)]
  6244 | D:5      | Killed Dowan
  6245 | D:5      | Reached skill level 3 in Air Magic
  6245 | D:5      | HP: 13/54 [poisoned by Dowan]
  6250 | D:5      | HP: 8/54 [poisoned by Dowan]
  6665 | D:5      | Reached skill level 5 in Fighting
  7128 | D:6      | Reached XP level 9. HP: 61/61 MP: 9/16
  7133 | D:6      | Reached skill level 4 in Hexes
  7416 | D:6      | Noticed a two-headed ogre
  7430 | D:6      | Killed a two-headed ogre
  7431 | D:6      | Reached skill level 6 in Fighting
  7431 | D:6      | Reached skill level 5 in Dodging
  7431 | D:6      | Reached skill level 7 in Summonings
  7517 | D:6      | Reached skill level 4 in Air Magic
  7912 | D:6      | Found a broken altar of Ashenzari.
  7932 | D:6      | Found an opulent altar of Gozag.
  7940 | D:6      | Became a worshipper of Gozag Ym Sagoz the Greedy
  8050 | D:6      | Found a white marble altar of Elyvilon.
  8056 | D:6      | Found an ancient bone altar of Kikubaaqudgha.
  8111 | D:6      | Found a blossoming altar of Fedhas.
  8111 | D:6      | Found a burning altar of Makhleb.
  8349 | D:6      | Reached skill level 5 in Hexes
  8772 | D:6      | Reached skill level 6 in Spellcasting
  9261 | D:7      | Reached skill level 7 in Fighting
  9261 | D:7      | Reached XP level 10. HP: 71/71 MP: 1/19
  9604 | D:7      | Reached skill level 6 in Dodging
 10348 | D:8      | Reached skill level 5 in Air Magic
 10348 | D:8      | Noticed Joseph
 10361 | D:8      | Killed Joseph
 10689 | D:8      | Found a bloodstained altar of Trog.
 10707 | D:8      | Noticed a wizard
 10711 | D:8      | Killed a wizard
 10895 | D:8      | Reached skill level 8 in Fighting
 10895 | D:8      | Reached skill level 8 in Summonings
 11031 | D:8      | Noticed Psyche
 11049 | D:8      | Killed Psyche
 11050 | D:8      | Reached skill level 7 in Spellcasting
 11050 | D:8      | Reached skill level 6 in Air Magic
 11145 | D:8      | Reached skill level 7 in Dodging
 11318 | D:8      | Reached skill level 9 in Fighting
 11407 | D:8      | Reached XP level 11. HP: 80/80 MP: 14/21
 11472 | D:8      | Learned a level 7 spell: Storm Form
 11939 | D:9      | Reached skill level 1 in Transmutations
 12479 | D:9      | Noticed a manticore
 12487 | D:9      | Killed a manticore
 12575 | D:9      | Noticed a cyclops
 12722 | D:9      | Killed a cyclops
 12723 | D:9      | Reached skill level 2 in Transmutations
 13337 | D:9      | Found a stormy altar of Qazlal.
 13476 | D:9      | Found Ysacrel's Fire Supplies.
 13599 | D:10     | Entered Level 10 of the Dungeon
 13622 | D:10     | Reached skill level 9 in Summonings
 13767 | D:10     | Reached skill level 10 in Fighting
 13950 | D:10     | Noticed a two-headed ogre
 13960 | D:10     | Killed a two-headed ogre
 13961 | D:10     | Reached skill level 7 in Air Magic
 14090 | D:10     | You fall into a shaft and drop 1 floor!
 14092 | D:11     | Noticed a manticore
 14106 | D:10     | Noticed a two-headed ogre
 14113 | D:10     | Killed a two-headed ogre
 14114 | D:10     | Reached skill level 3 in Transmutations
 14313 | D:10     | Reached skill level 8 in Dodging
 14329 | D:10     | Reached skill level 8 in Spellcasting
 14756 | D:11     | Reached XP level 12. HP: 43/89 MP: 10/24
 14816 | D:11     | HP: 7/89 [manticore/volley of spikes (21)]
 14821 | D:11     | HP: 6/89 [barbs]
 14840 | D:11     | Reached skill level 11 in Fighting
 14851 | D:11     | Reached skill level 4 in Transmutations
 15316 | D:11     | Found a staircase to the Lair.
 16258 | D:11     | Found a staircase to the Orcish Mines.
 16331 | Lair:1   | Entered Level 1 of the Lair of Beasts
 16361 | D:11     | HP: 22/90 [poisoned by a cane toad]
 16565 | D:11     | HP: 20/90 [poisoned by a black mamba]
 16752 | D:11     | HP: 32/135 [water moccasin (3)]
 16757 | D:11     | Reached skill level 8 in Air Magic
 17215 | D:2      | Bought a scroll of identify for 28 gold pieces
 17215 | D:2      | Bought a scroll of identify for 28 gold pieces
 17215 | D:2      | Bought a scroll of fear for 56 gold pieces
 17215 | D:2      | Bought a scroll of blinking for 105 gold pieces
 17373 | D:11     | HP: 22/90 [poisoned by a cane toad]
 17378 | D:11     | HP: 18/90 [poisoned by a cane toad]
 17731 | Lair:1   | Noticed a death yak
 17735 | Lair:1   | Reached skill level 10 in Summonings
 17735 | Lair:1   | Reached skill level 5 in Transmutations
 17741 | Lair:1   | Killed a death yak
 18176 | Lair:1   | Noticed a death yak
 18178 | Lair:1   | Noticed a death yak
 18179 | Lair:1   | Noticed a death yak
 18182 | Lair:1   | Noticed a death yak
 18185 | Lair:1   | Killed a death yak
 18186 | Lair:1   | Reached skill level 12 in Fighting
 18186 | Lair:1   | Reached skill level 9 in Dodging
 18188 | Lair:1   | Killed a death yak
 18189 | Lair:1   | Killed a death yak
 18203 | Lair:1   | Killed a death yak
 18204 | Lair:1   | Reached skill level 9 in Spellcasting
 18335 | Lair:1   | Reached XP level 13. HP: 98/98 MP: 21/26
 18532 | Lair:1   | Learned a level 5 spell: Summon Mana Viper
 19271 | Lair:2   | Reached skill level 6 in Transmutations
 19422 | Lair:2   | Found a staircase to the Swamp.
 19544 | Lair:2   | Noticed Urug
 19555 | Lair:2   | Killed Urug
 19556 | Lair:2   | Reached skill level 9 in Air Magic
 19781 | Lair:2   | Noticed Gastronok
 19822 | Lair:2   | Killed Gastronok
 20816 | Lair:2   | Reached skill level 10 in Dodging
 21495 | Lair:3   | Found a staircase to the Snake Pit.
 21629 | Lair:3   | Reached skill level 7 in Transmutations
 21733 | Lair:3   | Reached skill level 10 in Spellcasting
 22145 | Lair:4   | Reached skill level 13 in Fighting
 22207 | Lair:4   | Found a staircase to the Slime Pits.
 22211 | Lair:4   | Found a viscous altar of Jiyva.
 22541 | Lair:4   | Identified the +2 great mace of Hentaneffi {freeze, rElec
                  | rN+ Str-5}
 23252 | Lair:4   | Got the Annotations on the Switch
 23269 | Lair:5   | Entered Level 5 of the Lair of Beasts
 23431 | Lair:5   | Reached XP level 14. HP: 106/106 MP: 16/28
 23433 | Lair:5   | Reached skill level 10 in Air Magic
 23791 | Lair:5   | Reached skill level 8 in Transmutations
 24040 | Lair:5   | Noticed a dire elephant
 24051 | Lair:5   | Killed a dire elephant
 24490 | Lair:5   | Reached skill level 11 in Dodging
 25784 | Orc:1    | Entered Level 1 of the Orcish Mines
 25803 | Orc:1    | Reached skill level 11 in Air Magic
 25805 | Orc:1    | Reached skill level 9 in Transmutations
 25931 | Orc:1    | You fall into a shaft and drop 1 floor!
 25931 | Orc:2    | Entered Level 2 of the Orcish Mines
 25931 | Orc:2    | Found a staircase to the Elven Halls.
 25937 | Orc:1    | Found Alunaheu's Vocational Training.
 26073 | Orc:1    | Learned a level 4 spell: Manifold Assault
 26098 | Orc:1    | Reached skill level 14 in Fighting
 26345 | Orc:1    | Found a runed translucent door.
 26345 | Orc:1    | Noticed Rumaargh's ghost (journeyman NaFE)
 26807 | Orc:2    | Reached skill level 1 in Unarmed Combat
 26807 | Orc:2    | Reached skill level 1 in Translocations
 26971 | Orc:2    | Reached skill level 2 in Unarmed Combat
 26971 | Orc:2    | Reached skill level 2 in Translocations
 27162 | Orc:2    | Reached XP level 15. HP: 113/113 MP: 19/29
 27276 | Orc:2    | HP: 19/113 [orc priest/divine providence (12)]
 27277 | Orc:2    | HP: 8/111 [orc sorcerer/bolt of negative energy (11)]
 27978 | Orc:2    | Reached skill level 3 in Unarmed Combat
 27978 | Orc:2    | Reached skill level 3 in Translocations
 28077 | Orc:2    | Found Ugedoq's Antique Armour Emporium.
 28077 | Orc:2    | Found Citomn's Antique Weapon Shoppe.
 28080 | Orc:2    | Found Jesesin's Antique Weapon Emporium.
 28080 | Orc:2    | Found Hez Yth's Armour Shoppe.
 29287 | D:13     | Noticed Nessos
 29304 | D:13     | HP: 28/113 [barbs]
 29724 | D:13     | Reached skill level 10 in Transmutations
 29759 | D:13     | Noticed Snorg
 29767 | D:13     | Killed Snorg
 29768 | D:13     | Reached skill level 4 in Unarmed Combat
 29904 | D:13     | Killed Nessos
 29905 | D:13     | Reached skill level 4 in Translocations
 30576 | D:13     | Found Wadar's Antique Weapon Emporium.
 30642 | D:13     | Reached skill level 12 in Air Magic
 30792 | D:13     | Found a gate to the Vaults.
 31083 | D:14     | Reached skill level 5 in Unarmed Combat
 31085 | D:14     | Reached skill level 5 in Translocations
 31264 | D:14     | Found a hazy altar of Hepliaklqana.
 31541 | D:15     | Entered Level 15 of the Dungeon
 31612 | D:15     | Found a staircase to the Depths.
 32646 | D:15     | Reached skill level 6 in Unarmed Combat
 32765 | D:15     | Reached skill level 6 in Translocations
 32765 | D:15     | Reached skill level 11 in Transmutations
 32841 | D:15     | Reached XP level 16. HP: 86/119 MP: 16/30
 32945 | D:15     | Found an ancient bone altar of Kikubaaqudgha.
 33071 | Depths:1 | Entered Level 1 of the Depths
 33078 | Depths:1 | HP: 23/119 [frost giant/bolt of cold (23)]
 33115 | Depths:1 | HP: 26/119 [cyan very ugly thing (6)]
 33684 | Snake:1  | Entered Level 1 of the Snake Pit
 34342 | Snake:1  | Reached skill level 13 in Air Magic
 34626 | Snake:1  | Reached skill level 7 in Unarmed Combat
 34661 | Snake:1  | Reached skill level 7 in Translocations
 34924 | Snake:1  | Identified the +10 short sword of Iponos {drain, rCorr}
 35186 | Snake:1  | Noticed a nagaraja
 35199 | Snake:1  | Killed a nagaraja
 35279 | Snake:1  | Found a sacrificial altar of Ru.
 35350 | Snake:1  | Identified the +0 scale mail "Zaxoisib" {rF++ Will-}
 35780 | Snake:2  | Noticed Agnes
 35782 | Snake:2  | Noticed Aizul
 35790 | Snake:2  | Killed Agnes
 35792 | Snake:2  | Killed Aizul
 35903 | Snake:2  | Reached skill level 12 in Transmutations
 36085 | Snake:2  | Reached skill level 8 in Unarmed Combat
 36092 | Snake:2  | Reached skill level 8 in Translocations
 36195 | Snake:2  | Found Boju's Armour Emporium.
 37141 | Snake:3  | Reached XP level 17. HP: 112/125 MP: 19/31
 37212 | Snake:3  | Found Ydyschuts's Antique Weapon Shoppe.
 37216 | Snake:3  | Found Oludiown's Distillery.
 37296 | Snake:3  | Bought a potion of curing for 48 gold pieces
 37296 | Snake:3  | Bought a potion of heal wounds for 80 gold pieces
 37605 | Snake:3  | Reached skill level 14 in Air Magic
 37790 | Snake:3  | Reached skill level 9 in Unarmed Combat
 37829 | Snake:3  | Noticed a sphinx
 37829 | Snake:3  | Identified the +9 dagger of the Nexus {spect, Fly rF+ rN++
                  | Int-3}
 37829 | Snake:3  | Noticed Kirke
 37837 | Snake:3  | Killed Kirke
 37838 | Snake:3  | Reached skill level 9 in Translocations
 38684 | Snake:4  | Entered Level 4 of the Snake Pit
 38752 | Snake:4  | Reached skill level 13 in Transmutations
 39754 | Snake:4  | Noticed a quicksilver dragon
 39762 | Snake:4  | Killed a quicksilver dragon
 39763 | Snake:4  | Reached skill level 15 in Air Magic
 39997 | Snake:4  | Noticed a quicksilver dragon
 40011 | Snake:4  | Killed a quicksilver dragon
 40012 | Snake:4  | Reached skill level 14 in Transmutations
 40782 | Snake:4  | Reached XP level 18. HP: 131/131 MP: 23/32
 41533 | Snake:4  | Got a serpentine rune of Zot
 41802 | Depths:1 | HP: 26/131 [cyan very ugly thing (7)]
 42303 | Swamp:1  | Entered Level 1 of the Swamp
 42600 | Swamp:1  | Reached skill level 16 in Air Magic
 42620 | Swamp:1  | Reached skill level 15 in Transmutations
 43710 | Swamp:2  | Reached skill level 16 in Transmutations
 44397 | Swamp:3  | Identified the +0 tower shield of Ignis's Felicitations
                  | {*Slow Dex+4 Slay+3}
 44397 | Swamp:3  | Noticed Louise
 44405 | Swamp:3  | Noticed Jorgrun
 44419 | Swamp:3  | Killed Louise
 44421 | Swamp:3  | Killed Jorgrun
 44634 | Swamp:3  | Identified Roxanne's Papyrus of the Mantle
 44634 | Swamp:3  | Noticed Roxanne
 44706 | Swamp:3  | Killed Roxanne
 44707 | Swamp:3  | Reached skill level 10 in Unarmed Combat
 44707 | Swamp:3  | Reached skill level 10 in Translocations
 45097 | Swamp:3  | Found a runed translucent door.
 45532 | Swamp:3  | Paralysed by you for 3 turns
 45778 | Swamp:4  | Entered Level 4 of the Swamp
 46081 | Swamp:4  | Reached XP level 19. HP: 136/136 MP: 6/33
 46090 | Swamp:4  | Noticed the 27-headed Lernaean hydra
 46176 | Swamp:4  | Reached skill level 11 in Unarmed Combat
 46190 | Swamp:4  | Reached skill level 11 in Translocations
 46882 | Swamp:4  | Killed the 27-headed Lernaean hydra
 47142 | Swamp:4  | Got a decaying rune of Zot
 47647 | Lair:2   | Learned a level 6 spell: Statue Form
 47889 | Depths:1 | HP: 44/176 [ice dragon (1)]
 47890 | Depths:1 | Reached skill level 12 in Unarmed Combat
 48228 | Depths:1 | Reached skill level 12 in Translocations
 48341 | Depths:1 | Found a gateway to Hell.
 48926 | Depths:1 | Found a one-way gate to the infinite horrors of the Abyss.
 49177 | Depths:1 | Found Ubigo's Antique Weapon Shop.
 49182 | Depths:1 | Found Dianah's Distillery.
 49189 | Depths:1 | Bought a potion of heal wounds for 90 gold pieces
 49189 | Depths:1 | Bought 2 potions of curing for 108 gold pieces
 49189 | Depths:1 | Bought a potion of haste for 180 gold pieces
 49189 | Depths:1 | Bought a potion of curing for 54 gold pieces
 49292 | Depths:1 | Identified the +7 longbow of Regicide {heavy, rPois rF- rN+
                  | Stlth+}
 49292 | Depths:1 | Noticed a hellephant
 49292 | Depths:1 | Noticed a hellephant
 49292 | Depths:1 | Noticed a doom hound
 49301 | Depths:1 | Noticed a bone dragon
 49304 | Depths:1 | Noticed a bone dragon
 49309 | Depths:1 | HP: 23/136 [???[a doom hound] (20)]
 49864 | Depths:1 | Killed a bone dragon
 49962 | Depths:1 | Killed a bone dragon
 50160 | Depths:1 | Bought a ring of the Octopus King {rC+ HP+2 AC+2 EV+2 SH+2}
                  | for 1228 gold pieces
 50160 | Depths:1 | Found the ring of the Octopus King {rC+ HP+2 AC+2 EV+2
                  | SH+2}
 50160 | Depths:1 | Bought the ring of the Mage {Wiz Archmagi} for 1020 gold
                  | pieces
 50160 | Depths:1 | Found the ring of the Mage {Wiz Archmagi}
 50280 | Depths:1 | Killed a doom hound
 50294 | Depths:1 | Killed a hellephant
 50301 | Depths:1 | Killed a hellephant
 50330 | Depths:1 | HP: 32/179 [deep elf master archer/arrow (14)]
 50330 | Depths:1 | HP: 7/179 [deep elf master archer/arrow (25)]
 50332 | Depths:1 | Shot with an arrow by a deep elf master archer

Illustrated notes

Levels and vault maps discovered:
D:1:      dpeg_arrival_boxes_within_box, layout_basic
D:2:      layout_loops_ring, serial_shops, shop, nicolae_kite_square_tiling_tiny
D:3:      layout_rooms, okawaru_metal_pillars_3, ebering_ecumenical_altar_rust
D:4:      layout_basic, minmay_temple_entry_overgrown, ebering_ghost_sewer_d,
          minmay_manual_monstrance, uniq_blork_the_orc
D:5:      layout_basic, uniq_duvessa
D:6:      layout_gridville, mainiacjoe_overflow_tiny_flanked,
          grunt_temple_overflow_open, cheibrodos_ashenzari_chains, minivault_5,
          minmay_pentangle
D:7:      layout_cave_pools, minmay_fire_ice_demons
D:8:      layout_basic, trog_wizard, chequers_serial_rivers_marsh, uniq_psyche,
          uniq_joseph
D:9:      minmay_ornate_pinched, layout_basic, general_overflow_altar,
          roderic_serpentine_path, nicolae_shop_fire_sale
          [nicolae_sub_dead_trees], minmay_crystal_water, grunt_ministairs_1
D:10:     layout_cave_pools, dk_noncrumbling_3
D:11:     layout_cave_pools, lair_entry_dummy, erik_orc_2
D:12:     layout_rooms, minivault_10
D:13:     layout_big_octagon, ximxim_vaults_locker_room, gauntlet_entry_generic,
          serial_shops, shop, kennysheep_doodads, uniq_snorg, uniq_nessos
D:14:     layout_basic, minmay_misc_feat_secret_circle,
          nicolae_hepliaklqana_hazy_memory
D:15:     grunt_enter_depths_giant_problem, layout_long_grid,
          kiku_gazebo_garden_becter
Temple:   oiseaux_autumnal_temple
Lair:1:   layout_regular_city
Lair:2:   layout_roguey, minmay_swamp_entry_worms, special_room
          [special_room_bee], grunt_megastairs_3, uniq_gastronok, uniq_urug
Lair:3:   layout_gridlike, dummy_snake_entry
Lair:4:   layout_regular_city, slime_entry_1, minmay_lair_oklob_items
Lair:5:   hangedman_lair_in_review, layout_misc_corridors,
          guppyfry_lair_end_dragon, grunt_forest_large_clearing_hut,
          lemuel_fruit_fields
Swamp:1:  layout_basic_swamp, hangedman_swamp_cone, swamp_pool1
Swamp:2:  layout_falls_marsh, evilmike_swamp_ruin_house_5, swamp_pool3,
          nicolae_swamp_feature_on_the_river_bank
Swamp:3:  gammafunk_mikee_crab_dinner, layout_basic_swamp,
          nicolae_swamp_treefoil, swamp_pool2, infiniplex_staircase_pool_2,
          uniq_roxanne, uniq_louise, uniq_jorgrun
Swamp:4:  swamp_old_school, layout_basic_swamp
Snake:1:  layout_onion, basic_altar, nicolae_snake_snakewalk
Snake:2:  layout_misc_corridors, serial_shops, nicolae_shop_crystal,
          grunt_ministairs_8, nicolae_snake_serpentine_hallways, uniq_aizul,
          uniq_agnes
Snake:3:  layout_onion, minmay_shoptagon, nicolae_triple_integral, uniq_kirke
Snake:4:  hellmonk_snake_rune_quicksilver_temple, layout_onion,
          nicolae_snake_salamander_zone
Orc:1:    layout_caves, hellmonk_ghost_happy_afterlife, nicolae_shop_vocational
Orc:2:    st_orc_mages, layout_caves
Depths:1: layout_cave_pools, abyss_entry, hell_entry, beargit_elvish_explorers,
          kennysheep_random_hallway, minmay_shop_star

Skill      XL: |  1  2  3  4  5  6  7  8  9 10 11 12 13 14 15 16 17 18 19 |
---------------+----------------------------------------------------------+-----
Spellcasting   | 3 4 5 6 7 8 9 10 | 10.0
Summonings     | 5 6 7 8 9 10 | 10.0
Hexes          | 1 2 3 5 |  5.0
Fighting       | 1 2 4 5 7 9 10 12 13 14 | 14.0
Dodging        | 3 4 5 7 8 9 10 11 | 11.4
Air Magic      | 2 3 4 6 7 8 9 11 12 13 15 16 | 16.0
Transmutations | 3 5 7 9 11 12 14 16 | 16.0
Unarmed Combat | 2 6 8 9 10 12 | 12.9
Translocations | 2 6 8 9 10 12 | 12.8
Stealth        | |  2.6

Action                     |  1- 3 |  4- 6 |  7- 9 | 10-12 | 13-15 | 16-18 | 19-21 || total
---------------------------+-------+-------+-------+-------+-------+-------+-------++-------
  Melee: Constrict         |     1 |     4 |     1 |     1 |     3 |     1 |     5 ||    16
         Dagger            |     1 |     1 |       |       |       |       |       ||     2
         Tentacles         |     1 |     6 |     1 |       |     2 |     1 |    18 ||    29
         Rapier            |       |    26 |     2 |    10 |     6 |     4 |     5 ||    53
         Unarmed           |       |       |       |       |   185 |   549 |   132 ||   866
         Punch             |       |       |       |       |     2 |    17 |    10 ||    29
   Fire: Sling             |       |     5 |       |       |       |       |       ||     5
  Throw: Stone             |     2 |     9 |       |       |       |       |       ||    11
   Cast: Summon Small Mamm |    32 |    34 |    51 |    87 |   159 |    20 |       ||   383
         Call Imp          |    14 |    19 |    28 |    44 |    80 |    10 |       ||   195
         Call Canine Famil |     2 |    17 |    32 |    49 |    91 |    87 |    28 ||   306
         Summon Guardian G |       |     5 |    34 |    58 |   104 |    94 |    28 ||   323
         Summon Lightning  |       |       |     1 |    73 |   143 |   126 |    41 ||   384
         Summon Mana Viper |       |       |       |       |    98 |   100 |    34 ||   232
         Storm Form        |       |       |       |       |    41 |    98 |    21 ||   160
         Manifold Assault  |       |       |       |       |    46 |   192 |    47 ||   285
         Statue Form       |       |       |       |       |       |       |     8 ||     8
 Invoke: Call Merchant     |       |       |       |       |     2 |       |     2 ||     4
Ability: End Transformatio |       |       |       |       |    14 |    11 |     4 ||    29
         Blinkbolt         |       |       |       |       |     1 |       |     3 ||     4
  Evoke: Wand              |       |       |     1 |    12 |       |       |       ||    13
    Use: Scroll            |       |    17 |     7 |     8 |     5 |     4 |     4 ||    45
         Potion            |       |       |     4 |     4 |     1 |     2 |     4 ||    15
   Stab: Sleeping          |       |     1 |       |       |     1 |     1 |       ||     3
         Betrayed ally     |       |       |       |     1 |       |       |       ||     1
         Distracted        |       |       |       |       |     1 |     9 |     3 ||    13
 Armour: Skin              |       |    14 |     1 |    42 |    46 |    96 |    67 ||   266
  Dodge: Dodged            |     9 |    25 |    22 |   139 |   243 |   464 |   117 ||  1019
  Block: Other             |       |       |       |       |       |       |     3 ||     3

Table legend: (Time is in decaauts)
 A = Elapsed time spent in this place.
 B = Non-inter-level travel time spent in this place.
 C = Inter-level travel time spent in this place.
 D = Time resting spent in this place.
 E = Time spent auto-exploring this place.
 F = Levels seen in this place.
 G = Mean time per level.
                   A        B        C        D        E       F      G
               +--------+--------+--------+--------+--------+-----+--------+
         Total |  50398 |  47944 |   2454 |   9598 |  29408 |  32 | 1574.9 |
       Dungeon |  23699 |  22460 |   1239 |   4807 |  14062 |  15 | 1579.9 |
        Temple |    224 |    207 |     17 |      0 |    193 |   1 |  224.0 |
          Lair |   8331 |   7828 |    503 |   1130 |   5093 |   5 | 1666.2 |
         Swamp |   5265 |   5048 |    217 |    981 |   2925 |   4 | 1316.2 |
     Snake Pit |   7916 |   7544 |    372 |   1202 |   4798 |   4 | 1979.0 |
  Orcish Mines |   2567 |   2464 |    103 |    555 |   1375 |   2 | 1283.5 |
        Depths |   2394 |   2394 |      0 |    923 |    961 |   1 | 2394.0 |
               +--------+--------+--------+--------+--------+-----+--------+

Top non-repeatable levels by time:
    D:11: 2935 daAuts
    D:15: 2595 daAuts
  Lair:5: 2409 daAuts
Depths:1: 2394 daAuts
     D:6: 2346 daAuts
 Snake:3: 2304 daAuts
 Snake:4: 2198 daAuts
  Lair:2: 2145 daAuts
     D:9: 1868 daAuts
 Snake:1: 1826 daAuts
     D:4: 1769 daAuts
 Swamp:4: 1737 daAuts
   Orc:1: 1646 daAuts
 Swamp:3: 1599 daAuts
  Lair:1: 1588 daAuts

Table legend:
 A = Kills in this place as a percentage of kills in entire the game.
 B = Kills by you in this place as a percentage of kills by you in the entire game.
 C = Kills by friends in this place as a percentage of kills by friends in the entire game.
 D = Other kills in this place as a percentage of other kills in the entire game.
 E = Experience gained in this place as a percentage of experience gained in the entire game.
 F = Experience gained in this place divided by the number of levels of this place that you have seen.
                   A       B       C       D       E      F
               +-------+-------+-------+-------+-------+----------------------
         Total | 100.0 | 100.0 | 100.0 | 100.0 | 100.0 | 11657.9
       Dungeon |  37.9 |  16.1 |  47.7 |  45.7 |  18.0 | 4483.6
          Lair |  15.4 |   0.3 |  22.7 |  18.1 |  13.5 | 10057.2
         Swamp |  12.0 |  21.6 |   7.1 |  12.8 |  22.3 | 20824.5
     Snake Pit |  19.7 |  36.3 |  12.9 |   8.5 |  30.7 | 28637.2
  Orcish Mines |  10.9 |  16.4 |   8.2 |   9.6 |   4.1 | 7573.0
        Depths |   4.1 |   9.2 |   1.4 |   5.3 |  11.4 | 42520.0
               +-------+-------+-------+-------+-------+----------------------
